 Dungeon Crawl Stone Soup version 0.30-a0-989-g0d87f670db (webtiles) character file.

Game seed: 13078742334268754466

74 2tousent the Grave Robber (level 4, -2/32 HPs)
             Began as a Gnoll Necromancer on Apr 3, 2023.
             Killed from afar by Natasha (6 damage)
             ... with a magic dart
             ... on level 2 of the Dungeon.
             The game lasted 00:01:51 (1331 turns).

2tousent the Grave Robber (Gnoll Necromancer)       Turns: 1331, Time: 00:01:51

Health: -2/32      AC:  0    Str:  9    XL:     4   Next: 30%
Magic:  5/11       EV: 15    Int: 15    God:
Gold:   83         SH:  0    Dex: 12    Spells: 9/13 levels left

rFire   . . .      SeeInvis .    h - melded +1 dagger
rCold   . . .      Faith    .    (shield currently unavailable)
rNeg    . . .      Spirit   .    a - melded +0 robe
rPois   .          Reflect  .    (helmet currently unavailable)
rElec   .          Rampage  .    (cloak currently unavailable)
rCorr   .                        (gloves currently unavailable)
Will    .....                    (boots currently unavailable)
Stlth   ++                       (no amulet)
HPRegen 0.25/turn                (ring currently unavailable)
MPRegen 0.12/turn                (ring currently unavailable)

@: pig-form, very quick
A: fast, no casting, small, (fangs 1), strong nose, distributed training
a: no special abilities


You were on level 2 of the Dungeon.
You were a filthy swine.
You visited 1 branch of the dungeon, and saw 2 of its levels.

You collected 83 gold pieces.

Inventory:

Hand Weapons
 h - a +1 dagger (melded)
Armour
 a - a +0 robe (melded)
Scrolls
 c - a scroll of poison {unknown}
Potions
 b - a potion of magic
 d - a potion of attraction {unknown}
 i - a potion of lignification {unknown}
 j - a potion of heal wounds {unknown}


   Skills:
 + Level 1.1 Fighting
 + Level 1.1 Short Blades
 + Level 1.1 Long Blades
 + Level 1.1 Axes
 + Level 1.1 Maces & Flails
 + Level 1.1 Polearms
 + Level 1.1 Staves
 + Level 1.1 Ranged Weapons
 + Level 1.1 Throwing
 + Level 1.1 Armour
 + Level 4.6 Dodging
 + Level 4.2 Stealth
 + Level 1.1 Shields
 + Level 1.1 Unarmed Combat
 + Level 5.1 Spellcasting
 + Level 0.9 Conjurations
 + Level 0.9 Hexes
 + Level 0.9 Summonings
 + Level 7.1 Necromancy
 + Level 0.9 Translocations
 + Level 0.9 Transmutations
 + Level 0.9 Fire Magic
 + Level 0.9 Ice Magic
 + Level 0.9 Air Magic
 + Level 0.9 Earth Magic
 + Level 0.9 Poison Magic
 + Level 1.2 Invocations
 + Level 1.1 Evocations


You had 9 spell levels left.
You knew the following spells:

 Your Spells              Type           Power      Damage    Failure   Level
a - Necrotise             Necr           100%       1d9       1%          1
b - Vampiric Draining     Necr           25%        2d7       2%          3

Your spell library contained the following spells:

 Spells                   Type           Power      Damage    Failure   Level
 Animate Dead             Necr           25%        N/A       9%          4
 Ensorcelled Hibernation  Hex/Ice        12%        N/A       17%         2
 Passwall                 Tmut/Erth      5%         N/A       17%         2
 Agony                    Necr           25%        N/A       24%         5
 Inner Flame              Hex/Fire       6%         N/A       32%         3
 Swiftness                Air            6%         N/A       32%         3
 Cause Fear               Hex            3%         N/A       73%         4
 Discord                  Hex            3%         N/A       100%        8


Dungeon Overview and Level Annotations

Branches:
Dungeon (2/15)

Altars:

Annotations:
D:2 Natasha


Innate Abilities, Weirdness & Mutations

You are a filthy swine.
You move quickly.
Your equipment is almost entirely melded.
You are incapable of wielding weapons or throwing items.
You cannot cast spells.
((You have very sharp teeth.))
Your uncanny sense of smell can sniff out nearby items.
Your experience applies equally to all skills.


Message History

You feel yourself speed up. Natasha barely misses you.
Natasha barely resists.
Natasha barely misses you.
Natasha writhes in agony.
Natasha zaps a wand.
You turn into a filthy swine.
Your +1 dagger melds into your body.
Your +0 robe melds into your body.
You can't do that in your present form.
You can't do that in your present form.
You swap places.
Natasha mumbles some strange words.
Natasha claws Natasha! x2
Natasha closely misses Natasha.
Natasha claws Natasha.
Natasha barely misses Natasha.
Natasha drinks a potion.
Natasha is healed!
Natasha claws Natasha!
Natasha is destroyed!
Natasha barely misses you.
You hit Natasha.
Natasha is heavily wounded.
You completely miss Natasha.
Natasha is heavily wounded.
Natasha claws you.
You barely miss Natasha.
Natasha is heavily wounded.
Natasha barely misses you.
You hit Natasha but do no damage.
Natasha is heavily wounded.
Natasha claws you.
You hit Natasha.
Natasha is severely wounded.
The iron imp disappears in a puff of smoke!
Natasha claws you!
You barely miss Natasha.
Natasha is severely wounded.
Natasha casts a spell at you. The magic dart hits you!
* * * LOW HITPOINT WARNING * * *
You can't do that in your present form.
Sorry, you're not good enough to have a special ability.
Natasha casts a spell at you. The magic dart hits you.
You die...

#...... .... #......#+
.$.. #...... .####.. ..
....... ...#. .#####
?.?.... ... ..... .....
#.# ...
#.#.#..####.####.######
......)....5h.h........
##..#..#....####$......
#..####....# ...#.## .
..........### ...#
..#......#....# .....
....###.#....# ......
.... #.+....+ ....... .
#.##.#....# .......
#...##....#.#


You could see Natasha and a shadow imp (summoned).

Vanquished Creatures
  Natasha (D:2)
  An adder (D:2)
  A dart slug (D:1)
  2 endoplasms
  A giant cockroach (D:1)
  4 goblins (D:1)
  5 hobgoblins
  2 jackals (D:1)
  4 kobolds
  2 quokkas (D:1)
  5 ball pythons (D:1)
  3 frilled lizards
  3 rats
34 creatures vanquished.

Vanquished Creatures (collateral kills)
  A jackal (D:1)
1 creature vanquished.

Grand Total: 35 creatures vanquished

Notes
Turn   | Place    | Note
-------+----------+-------------------------------------------
     0 | D:1      | 2tousent the Gnoll Necromancer began the quest for the Orb.
     0 | D:1      | Reached XP level 1. HP: 13/13 MP: 6/6
     6 | D:1      | Noticed an iguana
     6 | D:1      | Noticed a polar bear
     6 | D:1      | Noticed a water moccasin
     7 | D:1      | Noticed a swamp worm
     7 | D:1      | Noticed a hound
   160 | D:1      | Reached XP level 2. HP: 19/19 MP: 4/7
   718 | D:1      | Reached skill level 5 in Spellcasting
   718 | D:1      | Reached XP level 3. HP: 25/25 MP: 6/9
   724 | D:1      | Learned a level 3 spell: Vampiric Draining
  1015 | D:1      | Reached skill level 1 in Invocations
  1127 | D:2      | Reached skill level 1 in Fighting
  1127 | D:2      | Reached skill level 1 in Short Blades
  1127 | D:2      | Reached skill level 1 in Long Blades
  1127 | D:2      | Reached skill level 1 in Axes
  1127 | D:2      | Reached skill level 1 in Maces & Flails
  1127 | D:2      | Reached skill level 1 in Polearms
  1127 | D:2      | Reached skill level 1 in Staves
  1127 | D:2      | Reached skill level 1 in Ranged Weapons
  1127 | D:2      | Reached skill level 1 in Throwing
  1127 | D:2      | Reached skill level 1 in Armour
  1127 | D:2      | Reached skill level 1 in Shields
  1127 | D:2      | Reached skill level 1 in Unarmed Combat
  1127 | D:2      | Reached skill level 1 in Evocations
  1292 | D:2      | Noticed Natasha
  1296 | D:2      | Killed Natasha
  1297 | D:2      | Reached XP level 4. HP: 32/32 MP: 7/11
  1309 | D:2      | Noticed Natasha
  1331 | D:2      | Killed from afar by Natasha

Illustrated notes

Levels and vault maps discovered:
D:1:      onia_arrival_zoo_common, layout_basic
D:2:      layout_basic, due_unseen_surprise, uniq_natasha, uniq_sigmund

Skill      XL: |  1  2  3 |
---------------+----------+-----
Spellcasting   | 5 |  5.1
Invocations    | 1 |  1.2
Fighting       | 1 |  1.1
Short Blades   | 1 |  1.1
Long Blades    | 1 |  1.1
Axes           | 1 |  1.1
Maces & Flails | 1 |  1.1
Polearms       | 1 |  1.1
Staves         | 1 |  1.1
Ranged Weapons | 1 |  1.1
Throwing       | 1 |  1.1
Armour         | 1 |  1.1
Shields        | 1 |  1.1
Unarmed Combat | 1 |  1.1
Evocations     | 1 |  1.1
Dodging        | |  4.6
Stealth        | |  4.2
Conjurations   | |  0.9
Hexes          | |  0.9
Summonings     | |  0.9
Necromancy     | |  7.1
Translocations | |  0.9
Transmutations | |  0.9
Fire Magic     | |  0.9
Ice Magic      | |  0.9
Air Magic      | |  0.9
Earth Magic    | |  0.9
Poison Magic   | |  0.9

Action                     |  1- 3 |  4- 6 || total
---------------------------+-------+-------++-------
  Melee: Dagger            |     1 |       ||     1
         Unarmed           |       |     6 ||     6
   Cast: Necrotise         |    54 |     7 ||    61
    Use: Scroll            |     4 |       ||     4
  Dodge: Dodged            |     5 |     4 ||     9

Table legend: (Time is in decaauts)
 A = Elapsed time spent in this place.
 B = Non-inter-level travel time spent in this place.
 C = Inter-level travel time spent in this place.
 D = Time resting spent in this place.
 E = Time spent auto-exploring this place.
 F = Levels seen in this place.
 G = Mean time per level.
                   A        B        C        D        E       F      G
               +--------+--------+--------+--------+--------+-----+--------+
         Total |   1339 |   1289 |     50 |      0 |   1104 |   2 |  669.5 |
       Dungeon |   1339 |   1289 |     50 |      0 |   1104 |   2 |  669.5 |
               +--------+--------+--------+--------+--------+-----+--------+

Top non-repeatable levels by time:
     D:1: 1123 daAuts
     D:2: 216 daAuts
